 Dungeon Crawl Stone Soup version 0.19.0-2-gae57169 (webtiles) character file.

1192 Monkfish the Slicer (level 8, 0/49 HPs)
             Began as a Kobold Berserker on Nov 3, 2016.
             Was a Priest of Trog.
             Slain by a bullfrog (5 damage)
             ... while paralysed
             ... on level 6 of the Dungeon.
             The game lasted 00:07:58 (3891 turns).

Monkfish the Slicer (Kobold Berserker)              Turns: 3891, Time: 00:07:59

Health: 0/49       AC:  6    Str: 20 (21) XL:     8   Next: 71%
Magic:  0/8        EV:  3    Int: 13      God:    Trog [***...]
Gold:   307        SH:  0    Dex: 18      Spells: 0 memorised, 7 levels left

rFire  + . .     SeeInvis .     a - +0 short sword
rCold  . . .     Gourm    .     d - +3 leather armour {rF+}
rNeg   . . .     Faith    .     (shield restricted)
rPois  .         Spirit   +     (helmet restricted)
rElec  .         Reflect  .     (no cloak)
rCorr  .         Harm     .     (no gloves)
MR     .....                    (no boots)
Stlth  +++.......               j - amulet of guardian spirit
                                q - +6 ring of strength
                                i - +5 ring of intelligence

@: paralysed, exhausted, slowed
A: horns 1, agile 1, carnivore 3, screaming 1
a: Berserk, Trog's Hand, Burn Spellbooks, Renounce Religion


You were on level 6 of the Dungeon.
You worshipped Trog.
Trog was most pleased with you.
You were not hungry.

You visited 1 branch of the dungeon, and saw 6 of its levels.

You collected 307 gold pieces.

Inventory:

Hand Weapons
 a - a +0 short sword (weapon)
Armour
 d - a +3 leather armour of fire resistance (worn)
 f - a +2 robe of magic resistance
Jewellery
 g - an uncursed amulet of regeneration
 i - a +5 ring of intelligence (left hand)
 j - an amulet of guardian spirit (around neck)
 q - a +6 ring of strength (right hand)
 t - an uncursed ring of positive energy {unknown}
Wands
 b - a wand of enslavement (15/24)
Scrolls
 e - 3 scrolls of teleportation
 h - 3 scrolls of enchant armour
 l - 3 scrolls of recharging
 s - a scroll of fog
Potions
 r - a potion of haste
Comestibles
 c - 2 meat rations
 k - a slice of pizza
 n - 2 royal jellies
 u - 2 beef jerkies


   Skills:
 + Level 5.3 Fighting
 + Level 9.1 Short Blades
 - Level 1.5 Armour
 + Level 5.7 Dodging
 * Level 6.7 Stealth


You had 7 spell levels left.
You didn't know any spells.

Dungeon Overview and Level Annotations

Branches:
Dungeon (6/15)
 Temple: D:4-7

Altars:

Annotations:
D:4 murphy's ghost, weakling DECj


Innate Abilities, Weirdness & Mutations

You are small and have problems with some larger weapons.
You are carnivorous and can eat meat at any time.
You have a pair of small horns on your head.
You are agile. (Dex +2)
You occasionally shout uncontrollably at your foes.


Message History

You hit something. Something barely misses you.
You closely miss something. Your headbutt misses something.
You puncture something! Trog accepts your kill.
Trog appreciates your killing of a magic user.
Reactivating autopickup.
You feel a bit more experienced.
You are no longer berserk.
You pass out from exhaustion.
You feel yourself slow down.
The bullfrog hits you but does no damage.
The bullfrog hits you.
* * * LOW HITPOINT WARNING * * *
The bullfrog hits you.
* * * LOW HITPOINT WARNING * * *
The bullfrog hits you!
* * * LOW HITPOINT WARNING * * *
The bullfrog hits you but does no damage.
The bullfrog hits you!
You die...

.# .# ..###
####....
###.....#
#######.......#
..............###
.........@.......
.......).F....###
?.#.##)#.....#
#.##†#######
#.....#######
####)......$.
#####........#
#...(........# .
#.##.......!.#


You could see a bullfrog.

Vanquished Creatures
  Edmund (D:6)
  A water moccasin (D:6)
  An orc warrior (D:6)
  An ice beast (D:5)
  A sky beast (D:5)
  A centaur (D:6)
  A wyvern skeleton (D:6)
  A crimson imp (D:5)
  A bullfrog zombie (D:6)
  3 orc priests
  A hound (D:6)
  A centaur skeleton (D:4)
  5 orc wizards
  Terence (D:2)
  A howler monkey skeleton (D:5)
  7 adders
  A shadow imp (D:5)
  4 worms
  A dart slug (D:1)
  4 leopard geckos
  6 orcs
  2 ball pythons
  13 bats
  5 giant cockroaches
  7 goblins
  13 hobgoblins
  2 jackals (D:2)
  2 kobolds
  5 quokkas
  7 frilled lizards
  9 rats
109 creatures vanquished.

Notes
Turn   | Place    | Note
-------+----------+-------------------------------------------
     0 | D:1      | Monkfish the Kobold Berserker began the quest for the Orb.
     0 | D:1      | Reached XP level 1. HP: 14/14 MP: 1/1
   130 | D:1      | Reached skill level 1 in Stealth
   130 | D:1      | Reached XP level 2. HP: 17/19 MP: 2/2
   270 | D:1      | Reached XP level 3. HP: 8/23 MP: 3/3
   280 | D:1      | Reached ** piety under Trog
  1249 | D:2      | Reached XP level 4. HP: 19/28 MP: 4/4
  1269 | D:2      | Reached skill level 5 in Short Blades
  1713 | D:2      | Noticed Terence
  1726 | D:2      | Killed Terence
  1726 | D:2      | Reached XP level 5. HP: 30/33 MP: 5/5
  1956 | D:3      | Reached skill level 6 in Short Blades
  2177 | D:3      | Reached XP level 6. HP: 21/38 MP: 6/6
  2222 | D:3      | Reached *** piety under Trog
  2695 | D:4      | Noticed murphy's ghost (weakling DECj)
  3071 | D:5      | Entered Level 5 of the Dungeon
  3157 | D:5      | Reached skill level 7 in Short Blades
  3248 | D:5      | Noticed an ice beast
  3263 | D:5      | Killed an ice beast
  3263 | D:5      | Reached XP level 7. HP: 44/44 MP: 7/7
  3580 | D:5      | Reached skill level 5 in Stealth
  3698 | D:5      | Gained mutation: You occasionally shout uncontrollably at your foes. [potion of mutation]
  3698 | D:5      | Gained mutation: You have a pair of small horns on your head. [potion of mutation]
  3698 | D:5      | Gained mutation: You are agile. (Dex +2) [potion of mutation]
  3721 | D:6      | Reached skill level 8 in Short Blades
  3721 | D:6      | Reached XP level 8. HP: 18/48 MP: 2/8
  3763 | D:6      | Noticed Edmund
  3773 | D:6      | Killed Edmund
  3773 | D:6      | Reached skill level 5 in Fighting
  3773 | D:6      | Reached skill level 5 in Dodging
  3876 | D:6      | Reached skill level 9 in Short Blades
  3891 | D:6      | Slain by a bullfrog

Skill      XL: |  1  2  3  4  5  6  7  8 |
---------------+-------------------------+-----
Stealth        | 1 2 3 4 5 6 |  6.7
Short Blades   | 5 6 7 8 9 |  9.1
Dodging        | 3 4 5 |  5.7
Fighting       | 4 5 |  5.3
Armour         | |  1.5

Action                   |  1- 3 |  4- 6 |  7- 9 || total
-------------------------+-------+-------+-------++-------
Melee: Short sword       |   133 |   163 |   149 ||   445
       Dagger            |       |    66 |       ||    66
       Headbutt          |       |       |    15 ||    15
Invok: Berserk           |     1 |     9 |     4 ||    14
       Trog's Hand       |       |     4 |     2 ||     6
       Burn Spellbooks   |       |     1 |       ||     1
Evoke: Wand              |       |       |     1 ||     1
  Use: Scroll            |     5 |     9 |     1 ||    15
       Potion            |     5 |     2 |     3 ||    10
 Stab: Sleeping          |     4 |     4 |     2 ||    10
  Eat: Chunk             |     8 |    11 |     8 ||    27
Armor: Animal skin       |    24 |    10 |       ||    34
       Robe              |       |    21 |    17 ||    38
       Leather armour    |       |       |     2 ||     2
Dodge: Dodged            |   114 |   143 |    78 ||   335
